 Dungeon Sprint DCSS version 0.23.1 (webtiles) character file.

Game seed: 7732010221369434355

654 nuthulu the Unseen (level 7, -1/39 HPs)
             Began as a Spriggan Assassin on Mar 12, 2019.
             Was a Priest of Wu Jian.
             Slain by a spriggan
             ... wielding a +1 short sword of freezing
              (5 damage)
             ... in the Dungeon (Sprint V: "Ziggurat Sprint").
             The game lasted 00:02:54 (419 turns).

nuthulu the Unseen (Spriggan Assassin)               Turns: 419, Time: 00:02:54

Health: -1/39      AC: 16    Str:  7    XL:     7   Next: 29%
Magic:  8/8        EV: 10    Int: 12    God:    Wu Jian [***...]
Gold:   0          SH:  0    Dex: 30    Spells: 6/6 levels left

rFire    . . .     SeeInvis +   a - +2 dagger
rCold    . . .     Gourm    .   (shield restricted)
rNeg     + . .     Faith    .   q - +5 shadow dragon scales
rPois    +         Spirit   .   (helmet restricted)
rElec    +         Reflect  .   d - +0 cloak
rCorr    .         Harm     .   (gloves unavailable)
MR       +....     NoTele   +   (boots unavailable)
Stlth    +++++++++.             (no amulet)
HPRegen  0.13/turn              C - +6 ring of dexterity
MPRegen  0.11/turn              I - ring of Incredulity {rElec rPois rN+ Dex+4}

@: very quick
A: very small, unfitting armour, see invisible, herbivore, speed 3, slow
metabolism 2
a: Wall Jump, Serpent's Lash, Renounce Religion


You were in the Dungeon.
You worshipped Wu Jian.
Wu Jian was most pleased with you.
You were not hungry.

You visited 1 branch

Inventory:

Hand Weapons
 a - a +2 dagger (weapon)
 b - a +0 blowgun
Missiles
 e - 8 poisoned needles
 f - 2 curare-tipped needles
Armour
 c - a +0 robe
 d - a +0 cloak (worn)
 q - +5 shadow dragon scales (worn)
Jewellery
 C - a +6 ring of dexterity (left hand)
 D - a +6 ring of dexterity
 E - a +6 ring of intelligence
 F - a +6 ring of intelligence
 G - a +6 ring of strength
 H - a +6 ring of strength
 I - the ring of Incredulity (right hand) {rElec rPois rN+ Dex+4}
   (You found it in the Dungeon)

   [ring of dexterity]

   It affects your dexterity (+4).
   It insulates you from electricity.
   It protects you from poison.
   It protects you from negative energy.
Wands
 z - a wand of disintegration (7)
 A - a wand of iceblast (7)
 B - a wand of acid (7)
Scrolls
 m - 3 scrolls of blinking
 t - 4 scrolls of amnesia
 u - 7 scrolls of fog
 v - a scroll of holy word
 w - 5 scrolls of identify
 x - 5 scrolls of remove curse
 y - 2 scrolls of fear
Potions
 h - 10 potions of curing
 i - 8 potions of heal wounds
 j - 6 potions of haste
 k - 7 potions of magic
 l - 3 potions of berserk rage
 n - 2 potions of brilliance
 o - a potion of invisibility
 p - 4 potions of resistance
 r - 5 potions of agility
 s - 4 potions of might
Comestibles
 g - 7 rations


   Skills:
 + Level 5.6 Fighting
 + Level 7.4 Short Blades
 - Level 2.0 Throwing
 + Level 9.3 Dodging
 * Level 17.5 Stealth


You had 6 spell levels left.
You didn't know any spells.
Your spell library contained the following spells:

 Spells                   Type           Power        Failure   Level  Hunger
 Ozocubu's Armour         Chrm/Ice       #.......     100%        3    ####...
 Portal Projectile        Hex/Tloc       #.....       100%        3    ####...
 Spectral Weapon          Hex/Chrm       #.......     100%        3    ####...
 Teleport Other           Tloc           #.......     100%        3    ####...
 Controlled Blink         Tloc           N/A          100%        8    #######


Dungeon Overview and Level Annotations

Branches:
Dungeon (1/1)

Altars:
Ashenzari
Cheibriados
Dithmenos
Elyvilon
Fedhas
Gozag
Hepliaklqana
Kikubaaqudgha
Makhleb
Nemelex Xobeh
Okawaru
Qazlal
Ru
Sif Muna
Trog
Uskayaw
Vehumet
Wu Jian
Xom
Yredelemnul
Zin
The Shining One
Beogh
Jiyva
Lugonu

Annotations:
D 1 transporter


Innate Abilities, Weirdness & Mutations

You are very small and have problems with some larger weapons.
You are too small for most types of armour.
You have supernaturally acute eyesight. (SInv)
You are a herbivore.
You cover ground extremely quickly.
You need to consume almost no food.


Message History

The crimson imp barely misses you.
Found six items.
Found a transporter.
The black bear growls angrily. x2
The crimson imp blinks!
The black bear growls angrily.
The spriggan rider shouts!
You hit the spriggan.
The spriggan is lightly wounded.
The spriggan barely misses you.
The spriggan rider hits you but does no damage.
You hit the spriggan but do no damage.
The spriggan is lightly wounded.
The black bear barely misses you. x2
The black bear claws you but does no damage.
The spriggan rider hits you from afar with a +0 spear!
* * * LOW HITPOINT WARNING * * *
You hit the black bear but do no damage.
The crimson imp hits you but does no damage.
The spriggan hits you with a +1 short sword of freezing.
You die...

▓........▓........▓
▓........▓5▓....▓.▓
▓...©....▓...©....▓
▓▓▓▓▓▓▓▓▓▓▓▓▓▓▓▓▓▓▓
▓..8©8..▓ ▓..)::..▓
▓.hh|i..▓ ▓.5hh...▓
▓..@i...▓ ▓.......▓
▓.......▓ ▓.▓...▓.▓
▓...©...▓ ▓▓▓▓▓▓▓▓▓


You could see a spriggan rider, 4 black bears, a spriggan and a crimson imp.

Vanquished Creatures
  A jumping spider (D)
  A tarantella (D)
  A porcupine (D)
  A bullfrog (D)
  2 scorpions (D)
  An orc priest (D)
  A white imp (D)
  An orc (D)
  A bat skeleton (D)
  A jackal (D)
11 creatures vanquished.

Notes
Turn   | Place    | Note
-------+----------+-------------------------------------------
     0 | D        | Found the +6 Majin-Bo {vamp, Archmagi MP+6 Int+6}
     0 | D        | Found the +7 great mace "Firestarter" {inner flame, rF++}
     0 | D        | nuthulu the Spriggan Assassin began the quest for the Orb.
     0 | D        | Reached XP level 1. HP: 10/10 MP: 2/2
     0 | D        | Found a deep blue altar of Sif Muna.
     0 | D        | Found a sacrificial altar of Ru.
     0 | D        | Found a bloodstained altar of Trog.
     0 | D        | Found a stormy altar of Qazlal.
     0 | D        | Found an iron altar of Okawaru.
     0 | D        | Found a sparkling altar of Nemelex Xobeh.
     0 | D        | Found a blossoming altar of Fedhas.
     2 | D        | Found a transporter.
     2 | D        | Found an ancient bone altar of Kikubaaqudgha.
     2 | D        | Found a viscous altar of Jiyva.
     2 | D        | Found a corrupted altar of Lugonu.
     2 | D        | Found a hazy altar of Hepliaklqana.
     2 | D        | Found a burning altar of Makhleb.
     2 | D        | Found an opulent altar of Gozag.
    16 | D        | Reached skill level 12 in Stealth
    16 | D        | Reached XP level 2. HP: 14/14 MP: 3/3
    41 | D        | Became a worshipper of the Wu Jian Council
    54 | D        | Entered arena 2.
    54 | D        | Found a transporter.
    57 | D        | Reached skill level 13 in Stealth
    57 | D        | Reached XP level 3. HP: 18/18 MP: 4/4
    63 | D        | Entered arena 3.
    63 | D        | Noticed a bullfrog
    63 | D        | Noticed a porcupine
    63 | D        | Found a transporter.
    68 | D        | Killed a bullfrog
    68 | D        | Reached * piety under Wu Jian
    68 | D        | Reached skill level 14 in Stealth
    68 | D        | Reached XP level 4. HP: 24/24 MP: 5/5
    69 | D        | Killed a porcupine
    69 | D        | Reached skill level 5 in Short Blades
    69 | D        | Reached skill level 15 in Stealth
    69 | D        | Reached XP level 5. HP: 29/29 MP: 6/6
   212 | D        | Entered arena 4.
   212 | D        | Noticed a hell hound
   212 | D        | Noticed a hell hound
   212 | D        | Noticed a hell hound
   212 | D        | Found a transporter.
   218 | D        | Entered arena 5.
   218 | D        | Noticed a jumping spider
   218 | D        | Noticed a tarantella
   218 | D        | Found a transporter.
   222 | D        | Killed a tarantella
   222 | D        | Reached ** piety under Wu Jian
   222 | D        | Reached skill level 16 in Stealth
   222 | D        | Reached XP level 6. HP: 8/34 MP: 7/7
   226 | D        | HP: 1/35 [scorpion (7)]
   233 | D        | Reached skill level 5 in Fighting
   235 | D        | Killed a jumping spider
   235 | D        | Reached *** piety under Wu Jian
   235 | D        | Reached skill level 17 in Stealth
   235 | D        | Reached XP level 7. HP: 36/39 MP: 8/8
   238 | D        | Got the amulet of Xom's Flight of Fancy {Harm *Drain rElec}
   244 | D        | Got the Catalogue of the Boosting Traveller
   308 | D        | Entered arena 6.
   308 | D        | Found a transporter.
   332 | D        | Got the ring of Incredulity {rElec rPois rN+ Dex+4}
   412 | D        | Entered arena 7.
   412 | D        | Noticed a spriggan rider
   412 | D        | Noticed a spriggan
   413 | D        | Found a transporter.
   419 | D        | Slain by a spriggan

Skill      XL: |  1  2  3  4  5  6 |
---------------+-------------------+-----
Stealth        | 12 13 14 15 16 17 | 17.5
Fighting       | 2 3 4 5 |  5.6
Dodging        | 2 4 6 7 9 |  9.3
Short Blades   | 4 5 6 7 |  7.4
Throwing       | |  2.0

Action                   |  1- 3 |  4- 6 |  7- 9 || total
-------------------------+-------+-------+-------++-------
Melee: Dagger            |     3 |    24 |   113 ||   140
Invok: Whirlwind         |       |     8 |    26 ||    34
       Lunge             |       |     1 |     1 ||     2
       Serpent's Lash    |       |       |     1 ||     1
  Use: Potion            |     1 |     4 |       ||     5
       Scroll            |       |     1 |       ||     1
 Stab: Sleeping          |     3 |     3 |       ||     6
       Invisible         |       |     2 |       ||     2
Armor: Shadow dragon sca |       |    26 |    59 ||    85
Dodge: Dodged            |       |    10 |    64 ||    74
